 Dungeon Crawl Stone Soup version 0.29.1-15-g9cfb28693d (webtiles) character file.

Game seed: 16568723600895777264

4 fleeber the Magician (level 1, 0/16 HPs)
             Began as a Djinni Fire Elementalist on Apr 7, 2023.
             Slain by a quokka (4 damage)
             ... on level 1 of the Dungeon.
             The game lasted 00:00:19 (45 turns).

fleeber the Magician (Djinni Fire Elementalist)       Turns: 45, Time: 00:00:20

Health: 0/16       AC:  2    Str:  7    XL:     1   Next: 66%
Gold:   0          EV: 12    Int: 16    God:
                   SH:  0    Dex: 13

rFire   + + .      SeeInvis .   (no weapon)
rCold   x . .      Faith    .   (no shield)
rNeg    . . .      Spirit   .   a - +0 robe
rPois   ∞          Reflect  .   (no helmet)
rElec   .          Harm     .   (no cloak)
rCorr   .          Rampage  .   (no gloves)
Will    .....                   (boots unavailable)
Stlth   ++........              (no amulet)
HPRegen 0.05/turn               (no ring)
MPRegen 0.00/turn               (no ring)

@: flying
A: sickness immunity, fire resistance 2, cold vulnerability 1, float, innate
caster, HP casting, extra vitality 1
a: no special abilities


You were on level 1 of the Dungeon.
You visited 1 branch of the dungeon, and saw 1 of its levels.

Inventory:

Armour
 a - a +0 robe (worn)
Scrolls
 b - a scroll of identify {unknown}


   Skills:
 + Level 0.6 Fighting
 - Level 2.1 Dodging
 - Level 1.5 Stealth
 + Level 2.5 Spellcasting


You couldn't memorise any spells.
You knew the following spells:

 Your Spells              Type           Power      Damage    Failure   Level
a - Foxfire               Conj/Fire      40%        2x1d6     7%          1
b - Scorch                Fire           20%        2d6       11%         2
c - Conjure Flame         Conj/Fire      10%        6-21      22%         3
d - Inner Flame           Hex/Fire       10%        N/A       22%         3
e - Flame Wave            Conj/Fire      10%        2d6       56%         4
Your spell library was empty.

Dungeon Overview and Level Annotations

Branches:
Dungeon (1/15)

Altars:


Innate Abilities, Weirdness & Mutations

You are immune to sickness and miasma.
You are immune to poison.
Your flesh is very heat resistant. (rF++)
You are vulnerable to cold. (rC-)
You float through the air rather than walking.
You learn spells naturally, not from books.
Your magical power is your life essence.
You have superior vitality. (+4 MHP)


Message History

You conjure some foxfire!
You conjure some foxfire!
The foxfire hits the jackal.
The jackal is almost dead.
The foxfire hits the jackal.
You kill the jackal!
You conjure some foxfire!
The foxfire hits the jackal.
The jackal is severely wounded.
The foxfire hits the jackal.
You kill the jackal!
You start resting.
A jackal comes into view.
The foxfire hits the jackal.
The jackal is moderately wounded.
You reach down and open the door.
A quokka comes into view.
The foxfire hits the jackal.
The jackal is severely wounded.
There is an open door here.
You conjure some foxfire!
The quokka closely misses you.
There is not enough space to conjure foxfire!
Your foxfire dissipates!
The jackal closely misses you.
There is an open door here.
You conjure some foxfire!
The quokka closely misses you. The jackal misses you.
You hit the jackal but do no damage.
The jackal is severely wounded.
The foxfire hits the jackal.
You kill the jackal!
The quokka closely misses you. The quokka barely misses you.
Your foxfire dissipates!
The quokka attacks as you move away! The quokka closely misses you.
There is an escape hatch in the floor here.
You conjure some foxfire!
The quokka bites you. The quokka attacks as you move away!
The quokka barely misses you.
The foxfire hits the quokka but does no damage. x2
You see here a jackal corpse.
You conjure some foxfire!
The quokka bites you.
* * * LOW HITPOINT WARNING * * *
The quokka bites you.
You die...

#.... .... ..#
######### #.#
#^#Z#^#Z#####
#.############Z#Z#
##'##Z#.......#####
###...###.#####......
#Z#vr.....#Z#Z#####..
###v@.#########Z#^###
##†##Z#Z# #####Z#
#.###### ### ...
#.#?# .. .# ##. ## ..
..


You could see a quokka (ally target), a kobold skeleton and an ogre skeleton.

Vanquished Creatures
  3 jackals (D:1)
3 creatures vanquished.

Vanquished Creatures (others)
  9 foxfires (D:1)
9 creatures vanquished.

Grand Total: 12 creatures vanquished

Notes
Turn   | Place    | Note
-------+----------+-------------------------------------------
     0 | D:1      | fleeber the Djinni Fire Elementalist began the quest for
                  | the Orb.
     0 | D:1      | fleeber set off with the following spells memorised:
                  | Foxfire, Scorch, Conjure Flame, Inner Flame, Flame Wave.
     0 | D:1      | Reached XP level 1. HP: 15/15 MP: 0/0
     1 | D:1      | Noticed a minotaur skeleton
    45 | D:1      | Slain by a quokka

Illustrated notes

Levels and vault maps discovered:
D:1:      shiori_arrival_whats_in_store_for_you, layout_basic,
          basic_ecumenical_altar, amcnicky_mini_corridor_feature

Action                   || total
-------------------------++-------
Melee: Unarmed           ||     1
 Cast: Foxfire           ||     7
Dodge: Dodged            ||     8
